 Dungeon Crawl Stone Soup version 0.20-a0-151-g755e310 (webtiles) character file.

1214 feito the Cutter (level 8, -4/54 HPs)
             Began as a Halfling Fighter on Nov 22, 2016.
             Was a Follower of Okawaru.
             Slain by KristoblXynda's ghost (6 damage)
             ... on level 6 of the Dungeon.
             The game lasted 00:42:41 (6266 turns).

feito the Cutter (Halfling Fighter)                 Turns: 6266, Time: 00:42:42

Health: -4/54      AC: 13    Str: 17    XL:     8   Next: 74%
Magic:  6/8        EV: 15    Int:  6    God:    Okawaru [*.....]
Gold:   210        SH: 12    Dex: 16    Spells: 7/7 levels left

rFire  . . .     SeeInvis .     a - +0 rapier
rCold  . . .     Gourm    .     y - +0 scale mail
rNeg   . . .     Faith    .     c - +0 shield
rPois  .         Spirit   .     r - +0 helmet (curse)
rElec  .         Reflect  .     s - +1 cloak
rCorr  .         Harm     .     (no gloves)
MR     .....                    u - +0 pair of boots
Stlth  ++........               g - amulet of rage
                                (no ring)
                                (no ring)

@: heroism, heavily drained
A: mutation resistance 1
a: Heroism, Renounce Religion, Evoke Berserk Rage


You were on level 6 of the Dungeon.
You worshipped Okawaru.
Okawaru was aware of your devotion.
You were not hungry.

You visited 1 branch of the dungeon, and saw 6 of its levels.
You also visited: Sewer.

You collected 210 gold pieces.

Inventory:

Hand Weapons
 a - a +0 rapier (weapon)
 b - a +0 fustibalus
 L - a +1 dagger of venom
 Q - a +3 trident of flaming
Missiles
 q - 160 stones (quivered)
 w - 41 sling bullets
 J - 5 tomahawks of returning
Armour
 c - a +0 shield (worn)
 r - a cursed +0 helmet (worn)
 s - a +1 cloak (worn)
 u - a +0 pair of boots (worn)
 y - a +0 scale mail (worn)
Magical Staves
 O - an uncursed staff of earth
Jewellery
 g - an amulet of rage (around neck)
Wands
 P - a wand of flame (28/48)
 R - a wand of lightning (4/15)
Scrolls
 e - 2 scrolls of identify
 j - 2 scrolls of teleportation
 l - 2 scrolls of amnesia
 m - a scroll of enchant weapon {unknown}
 n - 2 scrolls of fear
 z - 2 scrolls of blinking
 A - a scroll of noise {unknown}
 B - a scroll of immolation {unknown}
 E - 5 scrolls of magic mapping {unknown}
 F - a scroll of recharging {unknown}
 G - 4 scrolls of fog {unknown}
 K - a scroll of remove curse {unknown}
Potions
 d - 4 potions of might
 h - 3 potions of curing {unknown}
 i - a potion of degeneration {unknown}
 k - 4 potions of heal wounds {unknown}
 o - a potion of ambrosia {unknown}
 t - a potion of brilliance {unknown}
 v - a potion of flight {unknown}
 x - a potion of agility {unknown}
 C - a potion of magic {unknown}
 D - 2 potions of haste {unknown}
 I - a potion of mutation {unknown}
Comestibles
 f - 4 bread rations
 p - 2 meat rations
 H - a slice of pizza
 M - 5 chunks of flesh
 N - a beef jerky


   Skills:
 + Level 3.7(7.4) Fighting
 * Level 6.7(10.2) Short Blades
 * Level 4.2(7.8) Slings
 * Level 5.8(9.4) Armour
 * Level 3.2(6.9) Dodging
 * Level 1.7(5.5) Stealth
 * Level 5.6(9.2) Shields
 * Level 0.2(0.0) Invocations


You had 7 spell levels left.
You didn't know any spells.

Dungeon Overview and Level Annotations

Branches:
Dungeon (6/15)             Temple (0/1) D:5

Altars:
Kikubaaqudgha
Okawaru
Vehumet

Shops:
D:4 :

Annotations:
D:6 KristoblXynda's ghost, novice DrFi


Innate Abilities, Weirdness & Mutations

You are small and have problems with some larger weapons.
You are somewhat resistant to further mutation.


Message History

The sling bullet hits KristoblXynda's ghost but does no damage.
Firing (i - inventory. (,) - cycle):
w - 42 sling bullets (quivered)
Press: ? - help, Shift-Dir - straight line, f/p - KristoblXynda's ghost
Aim: KristoblXynda's ghost You shoot a sling bullet.
The sling bullet hits KristoblXynda's ghost.
KristoblXynda's ghost is lightly damaged.
KristoblXynda's ghost barely misses you.
a - a +0 rapier (weapon)
You gain the combat prowess of a mighty hero.
KristoblXynda's ghost hits you.
You hit KristoblXynda's ghost.
KristoblXynda's ghost is lightly damaged.
KristoblXynda's ghost says, "You can hit me, but you can't hurt me."
KristoblXynda's ghost breathes negative energy at you.
The bolt of negative energy hits you!
You feel drained.
Ouch! That really hurt!
* * * LOW HITPOINT WARNING * * *
KristoblXynda's ghost hits you.
You die...

.......# ### ........
..# .......#######.#
#.[....##.#############
#<).(>................#
#.##.(.................
#.#####...#.## #%...#
#.. #.#.#.####....# #..
#...#@W((...((..#
#...#.####..####....#
+...#.......#....####
#...##.........#.#
...........#S#
...........#.####
...........#....#
...........#....#
...........#....# .


You could see KristoblXynda's ghost.

Vanquished Creatures
  An ogre (D:5)
  2 centaurs
  2 bullfrogs (Sewer)
  A gnoll sergeant (D:5)
  2 howler monkeys
  A crimson imp (D:5)
  A bullfrog skeleton (D:5)
  A centaur skeleton (D:5)
  A gnoll shaman (D:5)
  A jelly (D:5)
  2 iguanas
  2 worker ants
  A hound zombie (D:5)
  A hound skeleton (D:4)
  A howler monkey zombie (D:6)
  11 gnolls
  6 adders
  9 river rats
  7 oozes
  An adder skeleton (D:4)
  3 worms
  A dart slug (D:1)
  5 leopard geckos
  13 orcs
  13 ball pythons
  2 giant cockroaches (D:5)
  16 goblins
  8 hobgoblins
  4 jackals (D:3)
  6 kobolds
  2 quokkas
  8 bats
  2 frilled lizards (Sewer)
  25 rats
162 creatures vanquished.

Vanquished Creatures (others)
  A human (D:4)
1 creature vanquished.

Grand Total: 163 creatures vanquished

Notes
Turn   | Place    | Note
-------+----------+-------------------------------------------
     0 | D:1      | feito the Halfling Fighter began the quest for the Orb.
     0 | D:1      | Reached XP level 1. HP: 15/15 MP: 1/1
   111 | D:1      | Reached XP level 2. HP: 20/20 MP: 2/2
   255 | D:1      | Reached XP level 3. HP: 23/26 MP: 3/3
   520 | D:1      | Reached skill level 3 in Short Blades
  1151 | D:2      | Reached XP level 4. HP: 25/31 MP: 4/4
  1363 | D:2      | Found a radiant altar of Vehumet.
  1804 | D:2      | Reached XP level 5. HP: 29/36 MP: 5/5
  2227 | D:3      | Found an iron altar of Okawaru.
  2406 | D:3      | Reached skill level 4 in Short Blades
  2478 | D:3      | Became a worshipper of Warmaster Okawaru
  2505 | D:4      | Found Laduyng's Book Boutique.
  2596 | D:4      | Found a glowing drain.
  2603 | D:4      | Reached skill level 1 in Dodging
  2617 | D:4      | Reached XP level 6. HP: 41/42 MP: 6/6
  2641 | Sewer    | Entered a sewer
  3367 | Sewer    | Reached skill level 1 in Slings
  3681 | Sewer    | HP: 1/42 [river rat (7)]
  4062 | Sewer    | Reached skill level 5 in Armour
  4062 | Sewer    | Reached XP level 7. HP: 14/46 MP: 7/7
  4065 | Sewer    | Reached * piety under Okawaru
  4734 | D:4      | Reached skill level 5 in Shields
  4964 | D:4      | Found an ancient bone altar of Kikubaaqudgha.
  4966 | D:4      | Noticed a human
  4968 | D:4      | Killed a human
  5147 | D:5      | Entered Level 5 of the Dungeon
  5200 | D:5      | Reached skill level 5 in Short Blades
  5292 | D:5      | Reached XP level 8. HP: 35/52 MP: 5/8
  5497 | D:5      | Reached skill level 6 in Short Blades
  5574 | D:5      | Found a staircase to the Ecumenical Temple.
  5600 | D:5      | Reached skill level 1 in Stealth
  6219 | D:6      | Noticed KristoblXynda's ghost (novice DrFi)
  6265 | D:6      | HP: 2/54 [KristoblXynda's ghost/bolt of negative energy (39)]
  6266 | D:6      | Slain by KristoblXynda's ghost

Vault maps used:
D:1:      evilmike_arrival_plus
D:2:      old_standard_altar
D:3:      okawaru_metal_pillars_3, first_bread
D:4:      serial_shops, shop_statue, portal_sewer_entry_a, tgw_kikubaaqudgha
D:6:      lemuel_zombie_altar_yredelemnul, minmay_misc_feat_room
Sewer:    sewer_minmay_w

Skill      XL: |  1  2  3  4  5  6  7  8 |
---------------+-------------------------+-----
Fighting       | 3 |  3.7
Short Blades   | 3 4 5 6 |  6.7
Armour         | 4 5 |  5.8
Shields        | 4 5 |  5.6
Dodging        | 1 2 3 |  3.2
Slings         | 1 2 4 |  4.2
Stealth        | 1 |  1.7
Invocations    | |  0.2

Action                   |  1- 3 |  4- 6 |  7- 9 || total
-------------------------+-------+-------+-------++-------
Melee: Rapier            |    91 |   372 |   266 ||   729
 Fire: Hunting sling     |       |    31 |    16 ||    47
       Fustibalus        |       |       |    34 ||    34
Invok: Heroism           |       |       |     4 ||     4
  Use: Potion            |       |     2 |       ||     2
       Scroll            |       |       |     4 ||     4
  Eat: Chunk             |     1 |    10 |     6 ||    17
       Beef jerky        |       |       |     1 ||     1
Armor: Scale mail        |    41 |   123 |    89 ||   253
Dodge: Dodged            |    32 |   133 |   116 ||   281
Block: Shield            |    46 |   222 |   143 ||   411
